[ AOE2 MATCH · #458770796 ]
UnrankedMongols vs Bohemians
Player's team · LOSS
[ REPLAY ANALYSIS · EXTRACTED FROM THE RECORDED GAME ]
Feudal
8:26
Castle
16:33
Imperial
31:18
| APM avg | 66.1 |
| APM peak | 104 |
| eAPM avg | 34.9 |
| Villagers / military | 207 / 825 |
Focus
⚔️ 44.9% · 🌾 55.1%
Scout Cavalry ×417 · Skirmisher ×173 · Mangudai ×147 · Battering Ram ×68 · Cavalry Archer ×10 · Militia ×4
Feudal
10:06
Castle
13:43
Imperial
29:34
| APM avg | 41.8 |
| APM peak | 115 |
| eAPM avg | 25.4 |
| Villagers / military | 177 / 1118 |
Focus
⚔️ 56.1% · 🌾 43.9%
Spearman ×625 · Skirmisher ×439 · Bombard Cannon ×35 · Monk ×6 · Trebuchet (Packed) ×6 · Hussite Wagon ×5
Match map
Initial resources + every placement click. Lines = walls · curves = elevation contours. ◆ gold · ⬟ stone · ● berries · ✦ relic · ◌ wall gap
Inputs per minute
— mir - - NOC | Target331
Build order — mir
First 150 of 826 actions detected
| 0:01 | Create | Villager (Male) |
| 0:02 | Build | House |
| 0:02 | Build | House |
| 0:07 | Create | Villager (Male) |
| 0:07 | Create | Villager (Male) |
| 0:16 | Create | Villager (Male) |
| 0:16 | Create | Villager (Male) |
| 1:31 | Create | Villager (Male) |
| 1:45 | Build | Lumber Camp |
| 1:55 | Create | Villager (Male) |
| 2:06 | Create | Villager (Male) |
| 2:18 | Create | Villager (Male) |
| 2:51 | Create | Villager (Male) |
| 3:00 | Build | House |
| 3:12 | Create | Villager (Male) |
| 3:12 | Create | Villager (Male) |
| 3:45 | Create | Villager (Male) |
| 4:03 | Create | Villager (Male) |
| 4:15 | Create | Villager (Male) |
| 4:32 | Create | Villager (Male) |
| 4:54 | Build | Barracks |
| 5:10 | Create | Villager (Male) |
| 5:36 | Build | House |
| 6:10 | Research | Feudal Age |
| 6:17 | Create | Militia |
| 6:17 | Create | Militia |
| 6:17 | Create | Militia |
| 6:30 | Build | Mill |
| 6:41 | Create | Militia |
| 6:49 | Build | House |
| 7:34 | Build | Mining Camp |
| 7:58 | Create | Villager (Male) |
| 8:26 | Age | Feudal Age |
| 8:27 | Research | Double-Bit Axe |
| 8:28 | Research | Man-at-Arms (upgrade) |
| 8:34 | Create | Villager (Male) |
| 8:36 | Research | Horse Collar |
| 8:46 | Build | House |
| 8:46 | Build | House |
| 8:57 | Create | Villager (Male) |
| 9:19 | Build | House |
| 9:39 | Build | Farm |
| 9:39 | Create | Villager (Male) |
| 9:42 | Build | Farm |
| 10:05 | Build | Farm |
| 10:06 | Create | Villager (Male) |
| 10:30 | Create | Villager (Male) |
| 10:31 | Build | Farm |
| 10:32 | Create | Villager (Male) |
| 10:53 | Create | Villager (Male) |
| 11:26 | Build | Archery Range |
| 11:35 | Create | Villager (Male) |
| 12:00 | Create | Villager (Male) |
| 12:03 | Build | Farm |
| 12:05 | Build | Farm |
| 12:19 | Create | Archer |
| 12:29 | Create | Villager (Male) |
| 12:49 | Build | Blacksmith |
| 12:52 | Create | Villager (Male) |
| 13:06 | Build | Farm |
| 13:33 | Build | House |
| 13:53 | Research | Castle Age |
| 14:14 | Build | Archery Range |
| 14:30 | Research | Fletching |
| 15:53 | Create | Villager (Male) |
| 16:33 | Age | Castle Age |
| 16:35 | Build | Town Center |
| 16:35 | Create | Cavalry Archer |
| 16:36 | Create | Cavalry Archer |
| 16:38 | Build | Monastery |
| 16:41 | Research | Bodkin Arrow |
| 16:42 | Create | Cavalry Archer |
| 16:42 | Create | Cavalry Archer |
| 16:56 | Create | Villager (Male) |
| 16:56 | Create | Villager (Male) |
| 16:56 | Create | Villager (Male) |
| 17:24 | Create | Cavalry Archer ×2 |
| 17:33 | Create | Villager (Male) |
| 17:36 | Create | Monk |
| 17:37 | Build | House |
| 17:39 | Build | Farm |
| 17:59 | Create | Villager (Male) |
| 17:59 | Create | Villager (Male) |
| 18:01 | Create | Villager (Male) |
| 18:02 | Create | Villager (Male) |
| 18:15 | Build | House |
| 18:34 | Create | Monk |
| 18:37 | Create | Villager (Male) |
| 18:37 | Create | Villager (Male) |
| 18:39 | Build | Farm |
| 18:40 | Build | Farm |
| 18:45 | Build | Farm |
| 18:48 | Build | House |
| 18:48 | Build | House |
| 18:56 | Create | Cavalry Archer ×2 |
| 19:09 | Build | Town Center |
| 19:16 | Create | Villager (Male) |
| 19:16 | Create | Villager (Male) |
| 19:34 | Create | Villager (Male) |
| 19:34 | Create | Villager (Male) |
| 19:51 | Create | Villager (Male) |
| 19:51 | Create | Villager (Male) |
| 19:53 | Build | Farm |
| 19:54 | Build | Farm |
| 19:55 | Build | Farm |
| 20:05 | Create | Villager (Male) |
| 20:05 | Create | Villager (Male) |
| 20:10 | Build | Farm |
| 20:12 | Build | Farm |
| 20:21 | Create | Monk |
| 20:24 | Create | Villager (Male) |
| 20:24 | Create | Villager (Male) |
| 20:34 | Create | Cavalry Archer ×2 |
| 20:42 | Create | Villager (Male) |
| 20:42 | Create | Villager (Male) |
| 20:44 | Build | Farm |
| 20:54 | Build | House |
| 20:55 | Build | House |
| 21:08 | Create | Villager (Male) |
| 21:10 | Create | Villager (Male) |
| 21:10 | Create | Villager (Male) |
| 21:37 | Create | Villager (Male) |
| 21:37 | Create | Villager (Male) |
| 21:39 | Build | Farm |
| 21:40 | Build | Farm |
| 21:42 | Build | Farm |
| 21:42 | Create | Villager (Male) |
| 21:42 | Create | Villager (Male) |
| 21:59 | Create | Villager (Male) |
| 21:59 | Create | Villager (Male) |
| 22:09 | Build | Farm |
| 22:11 | Build | Mining Camp |
| 22:14 | Create | Villager (Male) |
| 22:18 | Build | Lumber Camp |
| 22:21 | Create | Villager (Male) |
| 22:21 | Create | Villager (Male) |
| 22:31 | Create | Villager (Male) |
| 22:32 | Create | Villager (Male) |
| 22:40 | Build | Farm |
| 22:41 | Build | Farm |
| 22:53 | Create | Villager (Male) |
| 22:53 | Create | Villager (Male) |
| 22:56 | Build | Farm |
| 22:56 | Build | Farm |
| 23:12 | Build | Farm |
| 23:14 | Create | Villager (Male) |
| 23:15 | Create | Villager (Male) |
| 23:15 | Create | Villager (Male) |
| 23:18 | Build | Farm |
| 23:19 | Build | Farm |
Build order — NOC | Target331
First 150 of 654 actions detected
| 0:00 | Create | Villager (Male) |
| 0:01 | Create | Villager (Male) |
| 0:02 | Build | House |
| 0:04 | Build | House |
| 0:19 | Create | Villager (Male) ×2 |
| 1:29 | Create | Villager (Male) |
| 1:50 | Create | Villager (Male) |
| 2:10 | Build | Lumber Camp |
| 2:23 | Create | Villager (Male) |
| 2:24 | Create | Villager (Male) |
| 2:50 | Create | Villager (Male) |
| 3:26 | Create | Villager (Male) |
| 3:26 | Create | Villager (Male) |
| 3:54 | Build | House |
| 3:55 | Build | House |
| 3:56 | Build | House |
| 4:07 | Create | Villager (Male) |
| 4:07 | Create | Villager (Male) |
| 4:08 | Create | Villager (Male) |
| 4:45 | Create | Villager (Male) |
| 5:04 | Build | Mill |
| 5:31 | Create | Villager (Male) |
| 6:27 | Create | Villager (Male) |
| 6:29 | Create | Villager (Male) |
| 6:43 | Create | Villager (Male) |
| 7:33 | Build | Mining Camp |
| 7:54 | Research | Feudal Age |
| 8:08 | Create | Villager (Male) |
| 8:09 | Create | Villager (Male) |
| 9:41 | Build | Palisade Wall |
| 9:49 | Build | Building 800 |
| 9:57 | Research | Loom |
| 9:58 | Create | Villager (Male) |
| 10:02 | Build | Palisade Wall |
| 10:06 | Age | Feudal Age |
| 10:15 | Build | Market |
| 10:18 | Build | Blacksmith |
| 10:35 | Build | Palisade Wall |
| 10:36 | Build | Palisade Wall |
| 10:57 | Build | House |
| 11:03 | Research | Castle Age |
| 11:08 | Build | House |
| 11:25 | Research | Double-Bit Axe |
| 11:31 | Build | House |
| 11:34 | Build | House |
| 11:50 | Build | House |
| 11:53 | Research | Horse Collar |
| 12:26 | Create | Villager (Male) |
| 12:32 | Build | Palisade Wall |
| 12:34 | Build | House |
| 12:53 | Build | House |
| 13:23 | Build | House |
| 13:43 | Age | Castle Age |
| 13:49 | Build | Monastery |
| 14:00 | Create | Villager (Male) |
| 14:03 | Build | Farm |
| 14:04 | Build | Farm |
| 14:05 | Build | Farm |
| 14:12 | Build | House |
| 14:21 | Create | Monk |
| 14:23 | Create | Monk |
| 14:33 | Build | House |
| 14:36 | Create | Villager (Male) |
| 14:37 | Create | Villager (Male) |
| 14:38 | Create | Villager (Male) |
| 15:08 | Build | House |
| 15:10 | Build | House |
| 15:20 | Create | Villager (Male) |
| 15:32 | Create | Villager (Male) |
| 15:35 | Build | Town Center |
| 15:45 | Build | House |
| 15:56 | Build | House |
| 15:58 | Build | Palisade Wall |
| 16:27 | Create | Villager (Male) |
| 16:29 | Research | Fervor |
| 16:33 | Research | Bow Saw |
| 16:59 | Create | Villager (Male) |
| 17:00 | Create | Monk |
| 17:05 | Build | Town Center |
| 17:07 | Create | Villager (Male) |
| 17:34 | Create | Villager (Male) |
| 17:54 | Create | Monk |
| 18:02 | Create | Villager (Male) |
| 18:03 | Build | Farm |
| 18:04 | Build | Farm |
| 18:06 | Build | Farm |
| 18:08 | Create | Villager (Male) |
| 18:08 | Create | Villager (Male) |
| 18:09 | Build | Siege Workshop |
| 18:12 | Create | Villager (Male) |
| 18:33 | Create | Scorpion |
| 18:35 | Create | Scorpion |
| 18:41 | Build | Farm |
| 18:42 | Build | Farm |
| 18:44 | Build | Farm |
| 18:47 | Create | Villager (Male) |
| 18:50 | Build | Farm |
| 18:56 | Build | House |
| 19:10 | Create | Villager (Male) |
| 19:15 | Build | Farm |
| 19:16 | Build | Farm |
| 19:20 | Build | Farm |
| 19:24 | Create | Villager (Male) |
| 19:38 | Build | Farm |
| 19:40 | Build | Farm |
| 19:47 | Create | Villager (Male) |
| 19:58 | Create | Villager (Male) |
| 20:03 | Research | Sanctity |
| 20:04 | Create | Villager (Male) |
| 20:17 | Create | Villager (Male) |
| 20:22 | Build | Farm |
| 20:25 | Build | Farm |
| 20:25 | Create | Villager (Male) |
| 20:37 | Create | Villager (Male) |
| 20:44 | Build | Farm |
| 20:48 | Create | Villager (Male) ×3 |
| 20:51 | Create | Monk |
| 20:56 | Create | Villager (Male) |
| 21:01 | Create | Villager (Male) |
| 21:04 | Build | Lumber Camp |
| 21:08 | Create | Villager (Male) |
| 21:11 | Build | Farm |
| 21:12 | Build | Farm |
| 21:14 | Build | Farm |
| 21:29 | Create | Villager (Male) |
| 21:29 | Create | Villager (Male) |
| 21:30 | Create | Monk |
| 21:35 | Create | Villager (Male) |
| 21:54 | Create | Villager (Male) |
| 21:55 | Create | Villager (Male) |
| 21:59 | Create | Villager (Male) |
| 22:04 | Build | Farm |
| 22:08 | Build | Farm |
| 22:12 | Create | Villager (Male) |
| 22:13 | Create | Villager (Male) |
| 22:23 | Create | Villager (Male) |
| 22:23 | Create | Villager (Male) |
| 22:32 | Build | Castle |
| 22:39 | Build | Castle |
| 22:40 | Build | Mining Camp |
| 22:46 | Create | Villager (Male) |
| 22:46 | Create | Villager (Male) |
| 23:00 | Build | Mining Camp |
| 23:09 | Create | Villager (Male) |
| 23:10 | Create | Villager (Male) |
| 23:11 | Create | Villager (Male) |
| 23:27 | Research | Wheelbarrow |
| 23:27 | Create | Villager (Male) |
| 23:34 | Build | Farm |
| 23:34 | Build | Farm |
Match timeline
| 4:54 | mir · first_building Barracks |
| 8:26 | mir · age_up feudal |
| 9:41 | NOC | Target331 · wall_segment Palisade Wall x1 |
| 10:02 | NOC | Target331 · wall_segment Palisade Wall x1 |
| 10:06 | NOC | Target331 · age_up feudal |
| 10:35 | NOC | Target331 · wall_segment Palisade Wall x1 |
| 10:36 | NOC | Target331 · wall_segment Palisade Wall x1 |
| 11:01 | NOC | Target331 · first_market_sell 100 wood |
| 11:26 | mir · first_building Archery Range |
| 12:32 | NOC | Target331 · wall_segment Palisade Wall x1 |
| 13:43 | NOC | Target331 · age_up castle |
| 13:49 | NOC | Target331 · first_building Monastery |
| 14:40 | NOC | Target331 · first_market_buy 100 food |
| 15:58 | NOC | Target331 · wall_segment Palisade Wall x1 |
| 16:33 | mir · age_up castle |
| 16:38 | mir · first_building Monastery |
| 18:09 | NOC | Target331 · first_building Siege Workshop |
| 22:32 | NOC | Target331 · first_building Castle |
| 24:15 | mir · first_building Castle |
| 25:15 | mir · wall_segment Stone Wall x12 |
| 26:07 | mir · wall_segment Stone Wall x6 |
| 26:08 | mir · wall_segment Stone Wall x1 |
| 26:12 | mir · wall_segment Stone Wall x4 |
| 26:47 | NOC | Target331 · first_building Barracks |
| 26:59 | mir · wall_segment Stone Wall x1 |
| 27:26 | NOC | Target331 · first_building Archery Range |
| 27:41 | NOC | Target331 · wall_segment Stone Wall x20 |
| 28:15 | mir · first_building Stable |
| 28:40 | mir · wall_segment Stone Wall x1 |
| 29:22 | mir · first_building Siege Workshop |
| 29:33 | mir · wall_segment Stone Wall x3 |
| 29:33 | mir · wall_segment Stone Wall x3 |
| 29:34 | mir · wall_segment Stone Wall x1 |
| 29:34 | mir · wall_segment Stone Wall x1 |
| 29:34 | NOC | Target331 · age_up imperial |
| 31:18 | mir · age_up imperial |
| 31:20 | NOC | Target331 · wall_segment Stone Wall x5 |
| 31:21 | NOC | Target331 · wall_segment Stone Wall x1 |
| 34:31 | mir · first_market_sell 500 food |
| 34:32 | mir · first_market_buy 100 wood |
| 37:40 | NOC | Target331 · wall_segment Stone Wall x12 |
| 61:40 | mir · wall_segment Palisade Wall x1 |
| 67:54 | mir · resign |
[ AI ANALYSIS · 1 CREDIT ]
What really happened in this match?
Wolo.gg analyzes every decision: build order, eco, micro, common mistakes by bracket. Personalized analysis on WhatsApp or Discord in 30 seconds.
Civ guide
Mongols
Perfil
Jugador #24812481